← All builds
Geo / Armada / Economy first / OBSERVED BUILD

Sharpshooter snipers

Armada Geo build order · Supreme Isthmus

Geo builds an Advanced Bot Lab and pushes T2 Sharpshooter snipers to the middle from about 8:30, trading the usual vehicle/Starlight push for bot snipers.

Usually blows up the commander for T2 (66%)

#t2 #raid · 40 distinct matches · 26 players · 1% of Armada Geo games · team won 41% of 41 · Recently observed

THE CATCH, AND WHAT COMES WITH IT
  • SharpshooterT2 bot snipers from 8:30 · 3% of role by thenFrom the Advanced Bot Lab. Only 3% of Geo games have it by then; others who build it get it around 9:32
  • Advanced Bot LabAdvanced Bot Lab in 100%7% of all Geo games by then
  • SmugglerJammer bot in 90%3% of all Geo games by then
  • SharpshooterSniper bot in 44%2% of all Geo games by then
  • SprinterSprinter in 44%5% of all Geo games by then

Where those units first fight, in 41 games with kill data: in the middle 88%, on their own side 12%.

Those units destroy a typical 4,761 metal of enemy units by 15:00.

Then transitions into Welder (10% of army).

HOW TO PLAY IT

Key timing: Advanced Bot Lab by 6:51

  1. Open mex and wind into geo, standard Geo eco start.
  2. Rush Advanced Bot Lab straight off geothermal power.
  3. Pump Sharpshooter sniper bots to hold the middle.
  4. Add jammer bot support behind the snipers for cover.
  5. Shift build power to T2 cons and supply allies as usual.

Phase by phase

TYPICAL OF ITS 40 GAMES · AGAINST STANDARD GEO
  1. 1
  2. 2
  3. 3
  4. 4
  5. 5
PLAY THE OPENING

Follow the example game's first 9:31 step by step: what to build now, what comes next, and where it goes. At 1× it keeps pace with your own game.

  1. 1

    Up to the Bot Lab

    Economy
    • Metal Extractor3Mex
    • Wind Turbine4Wind
    Order
    1. Bot LabBot Lab after 3 mex, 4 winddone ~1:12, middle half 0:59–1:22

    By 0:55 in all: 3 mex · 4 wind

    The example game in this phase · 3 steps
    1. Mex ×2
    2. Wind ×4
    3. Bot LabBot Labdone 0:59 · typical 1:12
  2. 2

    Bot Lab to 5:00

    Economy
    • Metal Extractor1Mex
    • Wind Turbine4Wind
    • Energy Converter7Converter
    • Energy Storage1Energy storage
    Order
    1. Geothermal PowerplantGeo after 4 mex, 6 wind
    2. Bot LabEat Bot Lab
    Builders
    • Construction Turret5 Con turret
    • Lazarus4 Lazarus
    • Construction Bot2 Con bot
    • Lazarus1 Lazarus for allies
    • Construction Bot1 Con bot for allies

    By 5:00 in all: 4 mex · 7 wind · 1 geo · 7 converter · 1 energy storage · 5 con turret

    The example game in this phase · 30 steps
    1. LazarusLazarus ×2
    2. Construction BotCon botfor Beach sea
    3. Wind
    4. LazarusLazarus
    5. Construction BotCon bot
    6. LazarusLazarusfor Beach sea
    7. Mex
    8. Construction BotCon bot
    9. Mex
    10. CenturionCenturion
    11. Geothermal PowerplantGeodone 3:03 · typical 3:29
    12. LazarusLazarus
    13. Con turret
    14. Converter
    15. Con turret
    16. Converter
    17. Con turret
    18. Converter ×2
    19. Bot LabEat Bot Labreclaimed for its metal
    20. Energy storage
    21. Con turret ×3
    22. Converter
    23. Wind
    24. Converter
    25. Wind ×3
    26. Converter
    27. Wind
    28. Converter
    29. Wind
    30. Advanced Metal ExtractorT2 mex ×2done 5:18 · typical 5:41
  3. 3

    5:00 to Advanced Bot Lab

    Order
    1. Advanced Geothermal PowerplantAdvanced Geothermal Powerplant after 11 wind, 9 converter, 6 con turretin 56% of games
    2. Advanced Bot LabAdvanced Bot Lab after 10 wind, 9 converter, 6 con turretdone ~7:44, middle half 5:33–8:12

    Some games also: con turret (46%) · converter (44%) · wind (39%)

    By 7:03 in all: 4 mex · 11 wind · 1 geo · 1 Advanced Geothermal Powerplant · 9 converter · 1 energy storage

    The example game in this phase · 3 steps
    1. Advanced Metal ExtractorT2 mex ×2
    2. Advanced Geothermal PowerplantAdvanced Geothermal Powerplantdone 6:32 · typical 7:25
    3. Advanced Bot LabAdvanced Bot Labdone 7:14 · typical 7:44
  4. 4

    Advanced Bot Lab to T2 bot snipers

    Order
    1. SharpshooterT2 bot snipers after 16 wind, 12 converter, 6 con turretdone ~8:51, middle half 7:55–9:40

    Some games also: converter (49%) · T2 con bot for allies (41%) · wind (34%)

    By 8:30 in all: 4 mex · 16 wind (standard 12) · 1 geo · 1 Advanced Geothermal Powerplant · 12 converter · 1 energy storage

    The example game in this phase · 6 steps
    1. Converter ×6
    2. SmugglerJammer bot
    3. Converter
    4. CompassRadar bot
    5. Converter
    6. SharpshooterSniper botdone 7:39 · typical 8:51
  5. 5

    T2 bot snipers to 15:00

    Economy
    • Wind Turbine68Wind+48 vs standard
    • Energy Converter16Converter+12 vs standard
    Builders
    • Construction Turret3 Con turret +2 vs standard
    • Butler3 Butler +3 vs standard
    • Advanced Construction Bot1 T2 con bot for allies
    • Advanced Construction Bot1 T2 con bot
    Army
    • Sharpshooter5 Sniper bot +5 vs standard
    • Smuggler1 Jammer bot
    • Compass1 Radar bot

    Some games also: fusion (41%) · Welder (37%) · eat Advanced Bot Lab (34%)

    The standard build makes here, this one skips: 7 Jaguar

    By 15:00 in all: 4 mex · 78 wind (standard 36) · 1 geo · 1 Advanced Geothermal Powerplant · 27 converter (standard 19) · 1 energy storage

    The example game in this phase · 273 steps
    1. Converter ×2
    2. SharpshooterSniper bot
    3. Converter
    4. SharpshooterSniper bot
    5. Converter
    6. GunslingerGunslingerdone 8:22
    7. Converter
    8. GunslingerGunslinger
    9. Converter
    10. Advanced Construction BotT2 con botfor Suicide front
    11. Converter ×2
    12. ButlerButler
    13. Converter
    14. ButlerButler
    15. Converter
    16. ButlerButler
    17. Converter
    18. Wind
    19. ButlerButler
    20. Converter
    21. Wind
    22. ButlerButler
    23. Converter
    24. Wind
    25. ButlerButler
    26. Wind
    27. Converter ×2
    28. Wind
    29. ButlerButlerfor Beach sea
    30. Converter
    31. Wind
    32. ButlerButler
    33. Converter
    34. ButlerButler
    35. Wind ×2
    36. ButlerButler
    37. Wind
    38. Converter
    39. Wind ×2
    40. ButlerButler
    41. Wind ×3
    42. ButlerButler
    43. Wind ×7
    44. ButlerButler
    45. Wind ×7
    46. ButlerButler
    47. Wind ×7
    48. ButlerButler
    49. Wind ×11
    50. ButlerButler
    51. Wind ×8
    52. ButlerButler
    53. Wind ×13
    54. Metal storage
    55. Wind ×7
    56. Converter
    57. Wind ×6
    58. Converter
    59. Wind ×4
    60. Converter
    61. Wind ×5
    62. Converter
    63. Wind ×3
    64. Advanced Construction BotT2 con bot
    65. Wind ×2
    66. Converter
    67. Wind ×6
    68. Converter
    69. Wind ×4
    70. Converter
    71. Wind ×5
    72. Converter
    73. Wind ×4
    74. Converter
    75. Wind ×2
    76. SmugglerJammer bot
    77. Wind ×4
    78. CompassRadar bot
    79. Wind
    80. Converter
    81. Wind ×3
    82. SharpshooterSniper bot
    83. Wind
    84. Converter
    85. Wind ×4
    86. Con turret
    87. Wind ×4
    88. Converter
    89. Wind ×4
    90. SharpshooterSniper bot
    91. Wind ×12
    92. SharpshooterSniper bot
    93. Wind ×5
    94. Legion Vehicle PlantLegion Vehicle Plantdone 12:56
    95. Wind ×15
    96. Advanced Bot LabEat Advanced Bot Labreclaimed for its metal
    97. Wind ×3
    98. Con turret
    99. Wind ×5
    100. Con turret
    101. Wind
    102. Metal storage
    103. Wind ×3
    104. Con turret
    105. Wind ×4
    106. Con turret
    107. Wind
    108. Legion Construction VehicleLegion Construction Vehicle
    109. Wind ×3
    110. Con turret
    111. Converter
    112. Wind ×5
    113. Converter
    114. Wind ×4
    115. Advanced Vehicle PlantAdvanced Vehicle Plantdone 13:21
    116. Wind
    117. Converter
    118. Wind ×5
    119. Converter
    120. Wind ×5
    121. Converter
    122. Wind ×4
    123. Converter
    124. Wind ×3
    125. MantisTransportdone 13:31
    126. Wind ×2
    127. Converter
    128. Wind ×2
    129. Legion DroneLegion Drone
    130. Wind
    131. WheelieWheelie
    132. Legion DroneLegion Drone
    133. MantisTransport
    134. Legion DroneLegion Drone
    135. Wind ×2
    136. Converter
    137. Wind ×2
    138. Legion DroneLegion Drone
    139. Wind
    140. Legion DroneLegion Drone
    141. Wind
    142. MantisTransport
    143. WheelieWheelie
    144. Legion DroneLegion Drone
    145. Wind ×2
    146. Legion DroneLegion Drone
    147. AlarisAlaris
    148. Converter
    149. Wind ×2
    150. Legion DroneLegion Drone
    151. Wind ×2
    152. Legion DroneLegion Drone
    153. WheelieWheelie
    154. MantisTransport
    155. Legion DroneLegion Drone
    156. AlarisAlaris
    157. Legion DroneLegion Drone
    158. Converter
    159. Wind ×4
    160. Legion DroneLegion Drone
    161. WheelieWheelie
    162. Legion DroneLegion Drone ×2
    163. Wind
    164. MantisTransport
    165. Wind
    166. AlarisAlaris
    167. Converter
    168. Legion DroneLegion Drone
    169. Wind
    170. Legion DroneLegion Drone
    171. Wind ×2
    172. Legion DroneLegion Drone
    173. Wind
    174. Legion DroneLegion Drone
    175. Converter
    176. WheelieWheelie
    177. Legion DroneLegion Drone
    178. Wind
    179. MantisTransport
    180. Wind
    181. Legion DroneLegion Drone
    182. AlarisAlaris
    183. Wind
    184. Legion DroneLegion Drone
    185. Wind ×2
    186. Legion DroneLegion Drone
    187. Wind
    188. Legion DroneLegion Drone ×2
    189. Converter
    190. Legion DroneLegion Drone
    191. MantisTransport
    192. WheelieWheelie
    193. Wind ×2
    194. Legion DroneLegion Drone
    195. AlarisAlaris
    196. Wind
    197. Legion DroneLegion Drone
    198. Wind
    199. Legion DroneLegion Drone
    200. Wind ×2
    201. Legion DroneLegion Drone
    202. WheelieWheelie
    203. Converter
    204. Legion DroneLegion Drone
    205. Wind
    206. Legion DroneLegion Drone
    207. MantisTransport
    208. Wind
    209. AlarisAlaris
    210. Legion DroneLegion Drone ×2
    211. Wind ×2
    212. Legion DroneLegion Drone
    213. Wind ×2
    214. Legion DroneLegion Drone
    215. Converter
    216. Wind ×2
    217. Legion DroneLegion Drone ×2
    218. Wind ×2
    219. Legion DroneLegion Drone
    220. MantisTransport
    221. Legion DroneLegion Drone ×2
    222. WheelieWheelie
    223. Wind ×2
    224. Legion DroneLegion Drone
    225. Converter
    226. Wind ×4
    227. Legion DroneLegion Drone
    228. Wind ×2
    229. Legion DroneLegion Drone ×2
    230. Converter
    231. Wind ×3
    232. Legion DroneLegion Drone
    233. Wind ×2
    234. Converter
    235. Wind
    236. Legion DroneLegion Drone
    237. AlarisAlaris
    238. Legion DroneLegion Drone
    239. MantisTransport
    240. Legion DroneLegion Drone
    241. Wind ×2
    242. WheelieWheelie
    243. Wind
    244. Legion DroneLegion Drone
    245. Wind
    246. Legion DroneLegion Drone
    247. Converter
    248. Wind ×4
    249. Legion DroneLegion Drone
    250. Wind
    251. Legion DroneLegion Drone
    252. Wind
    253. Converter
    254. Legion DroneLegion Drone
    255. AlarisAlaris
    256. Wind
    257. Legion DroneLegion Drone
    258. Wind
    259. CharonFlakdone 14:53
    260. Legion DroneLegion Drone
    261. WheelieWheelie
    262. Wind ×3
    263. Converter
    264. Wind ×3
    265. Legion DroneLegion Drone
    266. Wind
    267. AlarisAlaris
    268. Legion DroneLegion Drone
    269. CharonFlak
    270. Wind
    271. Converter
    272. WheelieWheelie
    273. Wind ×4

Counts are medians over the build's games: half of them build more, half fewer. The example game is [Crd]Mind_The_Gap's (41 OS, 13/10/2026); pick another.

Team trades

IN AT LEAST 30% OF ITS GAMES

You hand over

  • Lazarus1 Lazarus to Beach sea or Suicide frontfirst at 2:16 · in 73% of games
  • Construction Bot1 Con bot to Beach seafirst at 2:35 · in 83% of games
  • Advanced Construction Bot1 T2 con bot to Suicide front or Frontfirst at 8:44 · in 80% of games

You get

  • Hercules1 Light transport from Airfirst at 3:11 · in 39% of games
  • Advanced Construction Bot1 T2 con bot from Techfirst at 4:47 · in 73% of games

How it plays out

Typical game of this build against the role’s standard build, running totals by minute

  • This build
  • Standard geo

Metal produced

020k40k
0:005:0010:0015:00

metal

Enemy metal destroyed

05k10k15k
0:005:0010:0015:00

metal

Own metal lost

02k4k6k
0:005:0010:0015:00

metal

41 games.

Show as table
ByMetal produced: This buildMetal produced: Standard geoEnemy metal destroyed: This buildEnemy metal destroyed: Standard geoOwn metal lost: This buildOwn metal lost: Standard geo
1:003483330000
2:008678590000
3:00154515270000
4:00273126700000
5:00375136940000
6:00569456360000
7:0075368025210740
8:0010531113473102040
9:0013462144061104322384
10:001623917275786472260194
11:00193932012312011745543520
12:0022137229892881361813851605
13:0025487257334827587217882970
14:0028453285866084824530124420
15:00323163135572821020138925586
WHAT THE NUMBERS SAY

Team won less than the standard build despite the snipers' kills, and killed less enemy metal by 15:00 than standard.

  • + Reaches T2 bot lab far earlier than 86% norm of role
  • + Fields T2 bot support (jammer) when almost no one else does by 8:52
  • − Team win rate 35% vs 54% for standard build
  • − Metal produced trails standard by 10:00 (15895 vs 17434)
THE EXAMPLE YOU ARE READING

[Crd]Mind_The_Gap

41.0 OS · 13/10/2026

Open source match ↗

4 received units · includes a constructor
3347 metal received · 22571 energy received

Allied construction assistance is unknown. Timings are observations, not a promise of solo reproducibility.

Typical milestones

Bot Lab1:12Middle 50%: 0:59–1:22 · n=41
Geothermal Powerplant3:29Middle 50%: 3:17–3:47 · n=39
Advanced Metal Extractor5:41Middle 50%: 5:28–6:00 · n=41
Advanced Geothermal Powerplant7:25Middle 50%: 7:02–8:23 · n=32
Advanced Bot Lab7:44Middle 50%: 5:33–8:12 · n=41
Sharpshooter8:51Middle 50%: 7:55–9:40 · n=41

Played most by

[NWP]Bertus99127games of this build[Crd]Mind_The_Gap5games of this buildImmort4games of this buildhaaven3games of this build_Trixtreous_1game of this build